 Dungeon Crawl Stone Soup version 0.29-a0-802-g34511f41fd (webtiles) character file.

Game seed: 18400909264524706790

13 Pelinal the Vexing (level 2, 0/16 HPs)
             Began as a Deep Elf Arcane Marksman on July 4, 2022.
             Slain by a frilled lizard (2 damage)
             ... on level 1 of the Dungeon.
             The game lasted 00:01:04 (502 turns).

Pelinal the Vexing (Deep Elf Arcane Marksman)        Turns: 502, Time: 00:01:05

Health: 0/16       AC:  2    Str:  7    XL:     2   Next: 24%
Magic:  4/6        EV: 12    Int: 17    God:
Gold:   21         SH:  0    Dex: 15    Spells: 1/4 levels left

rFire   . . .      SeeInvis .   a - +0 sling
rCold   . . .      Faith    .   (no shield)
rNeg    . . .      Spirit   .   c - +0 robe
rPois   .          Reflect  .   (no helmet)
rElec   .          Harm     .   (no cloak)
rCorr   .          Rampage  .   (no gloves)
Will    .....                   (no boots)
Stlth   +.........              (no amulet)
HPRegen 0.05/turn               (no ring)
MPRegen 0.10/turn               (no ring)

@: no status effects
A: no striking features
a: no special abilities


You were on level 1 of the Dungeon.
You visited 1 branch of the dungeon, and saw 1 of its levels.

You collected 21 gold pieces.

Inventory:

Hand Weapons
 a - a +0 sling (weapon)
Armour
 c - a +0 robe (worn)
Scrolls
 b - a scroll of vulnerability
 d - a scroll of enchant armour {unknown}
 g - a scroll of poison {unknown}
Potions
 e - a potion of degeneration {unknown}
 f - a potion of heal wounds {unknown}


   Skills:
 - Level 1.0 Fighting
 - Level 2.9 Ranged Weapons
 - Level 2.6 Dodging
 - Level 1.9 Spellcasting
 - Level 4.1 Hexes
 + Level 0.8 Fire Magic


You had one spell level left.
You knew the following spells:

 Your Spells              Type           Power      Damage    Failure   Level
a - Slow                  Hex            60%        N/A       3%          1
b - Scorch                Fire           8%         2d5       22%         2

Your spell library contained the following spells:

 Spells                   Type           Power      Damage    Failure   Level
 Inner Flame              Hex/Fire       10%        N/A       22%         3
 Portal Projectile        Hex/Tloc       16%        N/A       26%         3
 Cause Fear               Hex            7%         N/A       34%         4
 Flame Wave               Conj/Fire      3%         2d4       86%         4
 Summon Cactus Giant      Summ           0%         N/A       100%        6


Dungeon Overview and Level Annotations

Branches:
Dungeon (1/15)

Altars:


Message History

Found 2 fizzy grey potions.
You are too injured to fight recklessly!
You are too injured to fight recklessly!
Casting: Slow (safe; 3% risk of failure)
Confirm with . or Enter, or press ? or * to list all spells.
Aiming: Slow (safe; 3% risk of failure)
Press: ? - help, Shift-Dir - straight line, f/p - endoplasm
Aim: an endoplasm (moderately wounded, slow, chance to affect: 71%)
The endoplasm struggles to resist.
Unknown command.
Aiming: Slow (safe; 3% risk of failure)
Press: ? - help, Q - select action, (/) - cycle Shift-Dir - straight line, f/p - endoplasm
Aim: an endoplasm (moderately wounded, slow, chance to affect: 71%)
The endoplasm seems to slow down.
Unknown command.
Aiming: Slow (safe; 3% risk of failure)
Press: ? - help, Q - select action, (/) - cycle Shift-Dir - straight line, f/p - endoplasm
Aim: an endoplasm (moderately wounded, slow, chance to affect: 71%)
The endoplasm struggles to resist.
The endoplasm freezes you.
You are frozen.
* * * LOW HITPOINT WARNING * * *
You are too injured to fight recklessly!
Fire: a) +0 sling
Press: ? - help, Q - select action, (/) - cycle Shift-Dir - straight line, f - frilled lizard, p - endoplasm
Aim: a frilled lizard (35% to hit)
You shoot a sling bullet.
The sling bullet barely misses the frilled lizard.
Unknown command.
The frilled lizard attacks as you move away!
The frilled lizard bites you.
* * * LOW HITPOINT WARNING * * *
Fire: a) +0 sling
Press: ? - help, Q - select action, (/) - cycle Shift-Dir - straight line, f/p - frilled lizard
Aim: a frilled lizard (35% to hit)
You shoot a sling bullet.
The sling bullet completely misses the frilled lizard.
The frilled lizard hisses.
The frilled lizard bites you.
You die...

# #.##....##.)..# ####
#..##.#.#####.#
.######.##.#.# ##.# .#
####.##.#.# ###.# .#
####.###.#####.####+# .#
###.#.#.####..##.... .##
###.#####........... ..#
####.###..######.#######
#.## #∩##≈≈..###@#
#[......#
#..####..≈≈##<#Jl#
#..####.#####
##.##..###.####$.## #.l#
#......
#...#####.####...###..#
###..## ######.#
#.##......>..# #.....#
####.###.###...####.#
#.###)..
###.#.#.##.###.## #.# #
.?## ####.......#.#####
#.# .## .#...##.##...#
#.#####.# ..


You could see an endoplasm (slow) and a frilled lizard.

Vanquished Creatures
  A dart slug (D:1)
  4 endoplasms (D:1)
  A goblin (D:1)
  A kobold (D:1)
  2 ball pythons (D:1)
  A frilled lizard (D:1)
10 creatures vanquished.

Notes
Turn   | Place    | Note
-------+----------+-------------------------------------------
     0 | D:1      | Pelinal the Deep Elf Arcane Marksman began the quest for
                  | the Orb.
     0 | D:1      | Reached XP level 1. HP: 11/11 MP: 5/5
   234 | D:1      | Reached skill level 1 in Fighting
   248 | D:1      | Reached XP level 2. HP: 16/16 MP: 3/6
   276 | D:1      | Learned a level 2 spell: Scorch
   502 | D:1      | Slain by a frilled lizard

Illustrated notes

Levels and vault maps discovered:
D:1:      spicycebolla_green_bress_n_ham_2, layout_loops_ring, serial_shops,
          nicolae_shop_stone, nicolae_ecumenical_snake_handling,
          minmay_misc_feat_more_columns, palyth_stone_intersect,
          kennysheep_another_room, minmay_pentomino_p2

Skill      XL: |  1 |
---------------+----+-----
Fighting       | 1 |  1.0
Ranged Weapons | |  2.9
Dodging        | |  2.6
Spellcasting   | |  1.9
Hexes          | |  4.1
Fire Magic     | |  0.8

Action                   || total
-------------------------++-------
 Fire: Sling             ||    33
 Cast: Slow              ||    11
Dodge: Dodged            ||     1

Table legend: (Time is in decaauts)
 A = Elapsed time spent in this place.
 B = Non-inter-level travel time spent in this place.
 C = Inter-level travel time spent in this place.
 D = Time resting spent in this place.
 E = Time spent auto-exploring this place.
 F = Levels seen in this place.
 G = Mean time per level.
                   A        B        C        D        E       F      G
               +--------+--------+--------+--------+--------+-----+--------+
         Total |    511 |    511 |      0 |    189 |    200 |   1 |  511.0 |
       Dungeon |    511 |    511 |      0 |    189 |    200 |   1 |  511.0 |
               +--------+--------+--------+--------+--------+-----+--------+

Top non-repeatable levels by time:
     D:1: 511 daAuts
